| TOP OF THE 1ST |
|
Knoxville Blue Jays batting - Pitching for Charlotte Hornets : LHP Jordan Ortiz
|
|
Pitching: LHP Jordan Ortiz
|
|
|
Batting: RHB Gil Flores
|
0-0: Ball 1-0: Called Strike 1-1: Swinging Strike 1-2: Ball 2-2: Ball 3-2: Base on Balls
|
|
Batting: SHB Harold Reynolds
|
0-0: Called Strike 0-1: Foul Ball, location: 2F 0-2: Ball 1-2: SINGLE (Line Drive, 8LS, EV 107.5 MPH) Gil Flores to second
|
|
Batting: LHB Eric Peyton
|
0-0: Called Strike 0-1: Fly out, F7 (Flyball, 7D, EV 103.1 MPH)
|
|
Batting: RHB Hector Cruz
|
0-0: Ball 1-0: Ball 2-0: Fielders Choice at 2nd, 3-6 (Groundball, 34, EV 77.5 MPH) Gil Flores to third
|
|
Batting: RHB Wil Culmer
|
0-0: Ball 1-0: Swinging Strike 1-1: Called Strike 1-2: Strikes out swinging
|
| Top of the 1st over - 0 runs, 1 hit, 0 errors, 2 left on base; Knoxville 0 - Charlotte 0 |
| BOTTOM OF THE 1ST |
|
Charlotte Hornets batting - Pitching for Knoxville Blue Jays : RHP Ron Romanick
|
|
Pitching: RHP Ron Romanick
|
|
|
Batting: RHB Richard Bass
|
0-0: Called Strike 0-1: Ground out 5-3 (Groundball, 56S, EV 87.5 MPH)
|
|
Batting: RHB Tom Romano
|
0-0: Ball 1-0: SINGLE (Groundball, 6MD, EV 99.4 MPH)
|
|
Batting: RHB Guy Sularz
|
0-0: Ball 1-0: Called Strike 1-1: Foul Ball, location: 2F 1-2: Foul Ball, location: 2F 1-2: Foul Ball, location: 2F 1-2: Grounds into double play, 5-4-3 (Groundball, 56S, EV 83.1 MPH)
|
| Bottom of the 1st over - 0 runs, 1 hit, 0 errors, 0 left on base; Knoxville 0 - Charlotte 0 |
| TOP OF THE 2ND |
|
Knoxville Blue Jays batting - Pitching for Charlotte Hornets : LHP Jordan Ortiz
|
|
Batting: RHB Alex Villalobos
|
0-0: Called Strike 0-1: Foul Ball, location: 2F 0-2: Fly out, F9 (Flyball, 9D, EV 101.9 MPH)
|
|
Batting: RHB Kenny Hanes
|
0-0: Ball 1-0: Called Strike 1-1: Ball 2-1: Ball 3-1: Ground out 5-3 (Groundball, 56, EV 88.1 MPH)
|
|
Batting: RHB Mike Keister
|
0-0: Ball 1-0: Swinging Strike 1-1: Fly out, F4 (Flyball, 3D, EV 89.4 MPH)
|
| Top of the 2nd over - 0 runs, 0 hits, 0 errors, 0 left on base; Knoxville 0 - Charlotte 0 |
| BOTTOM OF THE 2ND |
|
Charlotte Hornets batting - Pitching for Knoxville Blue Jays : RHP Ron Romanick
|
|
Batting: RHB Don Lyle
|
0-0: Called Strike 0-1: Ball 1-1: Swinging Strike 1-2: Foul Ball, location: 2F 1-2: Ball 2-2: Strikes out swinging
|
|
Batting: RHB Juan Bonilla
|
0-0: Fly out, F4 (Popup, 4D, EV 56.9 MPH)
|
|
Batting: RHB Ed Jurak
|
0-0: Called Strike 0-1: Ball 1-1: Ball 2-1: Fly out, F7 (Flyball, 78S, EV 91.3 MPH)
|
| Bottom of the 2nd over - 0 runs, 0 hits, 0 errors, 0 left on base; Knoxville 0 - Charlotte 0 |
| TOP OF THE 3RD |
|
Knoxville Blue Jays batting - Pitching for Charlotte Hornets : LHP Jordan Ortiz
|
|
Batting: RHB Danny Hernandez
|
0-0: Called Strike 0-1: Fly out, F8 (Flyball, 8LD, EV 81.9 MPH)
|
|
Batting: RHB Gil Flores
|
0-0: Foul Ball, location: 2F 0-1: Ball 1-1: Ground out 6-3 (Groundball, 6, EV 81.9 MPH)
|
|
Batting: SHB Harold Reynolds
|
0-0: Called Strike 0-1: Called Strike 0-2: Strikes out swinging, 2-3 out at first.
|
| Top of the 3rd over - 0 runs, 0 hits, 0 errors, 0 left on base; Knoxville 0 - Charlotte 0 |
| BOTTOM OF THE 3RD |
|
Charlotte Hornets batting - Pitching for Knoxville Blue Jays : RHP Ron Romanick
|
|
Batting: RHB Mickey Klutts
|
0-0: Ball 1-0: Called Strike 1-1: Ball 2-1: Foul Ball, location: 2F 2-2: Ball 3-2: DOUBLE (Line Drive, 89D, EV 100.0 MPH)
|
|
Batting: RHB Luther Wrenn
|
0-0: Ball 1-0: Ball 2-0: Foul Ball, location: 2F 2-1: Fly out, F7 (Flyball, 7LS, EV 86.3 MPH)
|
|
Batting: RHB Richard Bradley
|
0-0: Ball 1-0: Fly out, F7 (Flyball, 78S, EV 92.5 MPH)
|
|
Batting: RHB Richard Bass
|
0-0: Ball 1-0: Called Strike 1-1: Called Strike 1-2: Strikes out swinging
|
| Bottom of the 3rd over - 0 runs, 1 hit, 0 errors, 1 left on base; Knoxville 0 - Charlotte 0 |
| TOP OF THE 4TH |
|
Knoxville Blue Jays batting - Pitching for Charlotte Hornets : LHP Jordan Ortiz
|
|
Batting: LHB Eric Peyton
|
0-0: Ground out 1-3 (Groundball, 34S, EV 68.1 MPH)
|
|
Batting: RHB Hector Cruz
|
0-0: Ball 1-0: Called Strike 1-1: Ball 2-1: Foul Ball, location: 2F 2-2: Ball 3-2: Base on Balls
|
|
Batting: RHB Wil Culmer
|
0-0: Swinging Strike 0-1: Foul Ball, location: 2F 0-2: DOUBLE (Flyball, 78XD, EV 95.6 MPH) Hector Cruz to third
|
|
Batting: RHB Alex Villalobos
|
0-0: SINGLE (Groundball, 4D, EV 99.4 MPH) Hector Cruz scores Wil Culmer to third Runner from 3rd tries for Home, SAFE, throw by CF to home
|
|
Batting: RHB Kenny Hanes
|
0-0: Ball Alex Villalobos is caught stealing 2nd base 2-4 1-0: Ball 2-0: Ball 3-0: Called Strike 3-1: Base on Balls
|
|
Batting: RHB Mike Keister
|
0-0: Foul Ball, location: 2F 0-1: Foul Ball, location: 2F 0-2: Fielders Choice at 2nd, 5-4 (Groundball, 56, EV 79.4 MPH)
|
| Top of the 4th over - 2 runs, 2 hits, 0 errors, 1 left on base; Knoxville 2 - Charlotte 0 |
| BOTTOM OF THE 4TH |
|
Charlotte Hornets batting - Pitching for Knoxville Blue Jays : RHP Ron Romanick
|
|
Batting: RHB Tom Romano
|
0-0: Ball 1-0: Foul Ball, location: 2F 1-1: Foul Ball, location: 2F 1-2: Ground out 5-3 (Groundball, 56, EV 95.6 MPH)
|
|
Batting: RHB Guy Sularz
|
0-0: Called Strike 0-1: Ball 1-1: Swinging Strike 1-2: Fly out, F7 (Flyball, 7LS, EV 83.1 MPH)
|
|
Batting: RHB Don Lyle
|
0-0: Foul Ball, location: 2F 0-1: Swinging Strike 0-2: Ball 1-2: Foul Ball, location: 2F 1-2: Strikes out swinging
|
| Bottom of the 4th over - 0 runs, 0 hits, 0 errors, 0 left on base; Knoxville 2 - Charlotte 0 |
| TOP OF THE 5TH |
|
Knoxville Blue Jays batting - Pitching for Charlotte Hornets : LHP Jordan Ortiz
|
|
Batting: RHB Danny Hernandez
|
0-0: Called Strike 0-1: Ball 1-1: Called Strike 1-2: Ball 2-2: Ball 3-2: Foul Ball, location: 2F 3-2: Base on Balls
|
|
Batting: RHB Gil Flores
|
0-0: Called Strike 0-1: Called Strike 0-2: Ball 1-2: Ball 2-2: Foul Ball, location: 2F 2-2: Ball 3-2: Grounds into double play, 4-6-3 (Groundball, 4M, EV 80.0 MPH)
|
|
Batting: SHB Harold Reynolds
|
0-0: Ball 1-0: Called Strike 1-1: Ground out 5-3 (Groundball, 56S, EV 85.0 MPH)
|
| Top of the 5th over - 0 runs, 0 hits, 0 errors, 0 left on base; Knoxville 2 - Charlotte 0 |
| BOTTOM OF THE 5TH |
|
Charlotte Hornets batting - Pitching for Knoxville Blue Jays : RHP Ron Romanick
|
|
Batting: RHB Juan Bonilla
|
0-0: Ground out 5-3 (Groundball, 5S, EV 93.8 MPH)
|
|
Batting: RHB Ed Jurak
|
0-0: Ball 1-0: Ball 2-0: Called Strike 2-1: Ground out U3 (Groundball, 34, EV 104.4 MPH)
|
|
Batting: RHB Mickey Klutts
|
0-0: Ball 1-0: Ground out 6-3 (Groundball, 6, EV 86.9 MPH)
|
| Bottom of the 5th over - 0 runs, 0 hits, 0 errors, 0 left on base; Knoxville 2 - Charlotte 0 |
| TOP OF THE 6TH |
|
Knoxville Blue Jays batting - Pitching for Charlotte Hornets : LHP Jordan Ortiz
|
|
Batting: LHB Eric Peyton
|
0-0: Ball 1-0: DOUBLE (Line Drive, 7LS, EV 99.4 MPH)
|
|
Batting: RHB Hector Cruz
|
0-0: Intentional Walk
|
|
Batting: RHB Wil Culmer
|
0-0: Ball 1-0: Foul Ball, location: 2F 1-1: Swinging Strike 1-2: Ball 2-2: Foul Ball, location: 2F 2-2: Strikes out swinging
|
|
Batting: RHB Alex Villalobos
|
0-0: Fly out, F8 (Flyball, 8RM, EV 86.9 MPH)
|
|
Batting: RHB Kenny Hanes
|
0-0: Ball 1-0: Fly out, F9 (Flyball, 89D, EV 88.8 MPH)
|
| Top of the 6th over - 0 runs, 1 hit, 0 errors, 2 left on base; Knoxville 2 - Charlotte 0 |
| BOTTOM OF THE 6TH |
|
Charlotte Hornets batting - Pitching for Knoxville Blue Jays : RHP Ron Romanick
|
|
Batting: RHB Luther Wrenn
|
0-0: Fly out, F4 (Popup, 4, EV 68.1 MPH)
|
|
Batting: RHB Richard Bradley
|
0-0: Called Strike 0-1: Ball 1-1: Ball 2-1: Ball 3-1: Ground out 4-3 (Groundball, 4, EV 86.3 MPH)
|
|
Batting: RHB Richard Bass
|
0-0: Ball 1-0: Foul Ball, location: 2F 1-1: SINGLE (Line Drive, 9S, EV 101.3 MPH)
|
|
Batting: RHB Tom Romano
|
0-0: Ball 1-0: Called Strike 1-1: Called Strike 1-2: Ball 2-2: Ball 3-2: Fly out, F9 (Flyball, 9LM, EV 108.1 MPH)
|
| Bottom of the 6th over - 0 runs, 1 hit, 0 errors, 1 left on base; Knoxville 2 - Charlotte 0 |
| TOP OF THE 7TH |
|
Knoxville Blue Jays batting - Pitching for Charlotte Hornets : LHP Jordan Ortiz
|
|
Batting: RHB Mike Keister
|
0-0: Fly out, F8 (Flyball, 89D, EV 95.6 MPH)
|
|
Batting: RHB Danny Hernandez
|
0-0: Ball 1-0: Called Strike 1-1: Ball 2-1: Foul Ball, location: 2F 2-2: Ground out 6-3 (Groundball, 6, EV 98.1 MPH)
|
|
Batting: RHB Gil Flores
|
0-0: Called Strike 0-1: Ball 1-1: Fly out, F9 (Flyball, 9S, EV 79.4 MPH)
|
| Top of the 7th over - 0 runs, 0 hits, 0 errors, 0 left on base; Knoxville 2 - Charlotte 0 |
| BOTTOM OF THE 7TH |
|
Charlotte Hornets batting - Pitching for Knoxville Blue Jays : RHP Ron Romanick
|
|
Batting: RHB Guy Sularz
|
0-0: Called Strike 0-1: Called Strike 0-2: Foul Ball, location: 2F 0-2: Strikes out looking
|
|
Batting: RHB Don Lyle
|
0-0: Foul Ball, location: 2F 0-1: Foul Ball, location: 2F 0-2: Ground out 6-3 (Groundball, 6, EV 83.1 MPH)
|
|
Batting: RHB Juan Bonilla
|
0-0: Foul Ball, location: 2F 0-1: Ball 1-1: Ball 2-1: Called Strike 2-2: Foul Ball, location: 2F 2-2: Foul Ball, location: 2F 2-2: Ball 3-2: Strikes out looking
|
| Bottom of the 7th over - 0 runs, 0 hits, 0 errors, 0 left on base; Knoxville 2 - Charlotte 0 |
| TOP OF THE 8TH |
|
Knoxville Blue Jays batting - Pitching for Charlotte Hornets : LHP Jordan Ortiz
|
|
Pitching: RHP Tom Hausman
|
|
|
Batting: SHB Harold Reynolds
|
0-0: Called Strike 0-1: Swinging Strike 0-2: SINGLE (Line Drive, 6MD, EV 105.0 MPH)
|
|
Batting: LHB Eric Peyton
|
0-0: 2-RUN HOME RUN (Flyball, 89XD, EV 108.8 MPH), Distance : 406 ft
|
|
Batting: RHB Hector Cruz
|
0-0: Ball 1-0: Called Strike 1-1: Ball 2-1: Ball 3-1: SOLO HOME RUN (Flyball, 7LD, EV 104.4 MPH), Distance : 357 ft
|
|
Batting: RHB Wil Culmer
|
0-0: Called Strike 0-1: Foul Ball, location: 2F 0-2: SOLO HOME RUN (Flyball, 7LD, EV 105.6 MPH), Distance : 368 ft
|
|
Pitching: RHP Timothy Flannery
|
|
|
Batting: RHB Alex Villalobos
|
0-0: Ball 1-0: Ball 2-0: Called Strike 2-1: Ball 3-1: Called Strike 3-2: Fly out, F9 (Flyball, 9, EV 91.3 MPH)
|
|
Batting: RHB Kenny Hanes
|
0-0: Ball 1-0: Ball 2-0: Foul Ball, location: 2F 2-1: Ball 3-1: Base on Balls
|
|
Batting: RHB Mike Keister
|
0-0: Grounds into double play, 5-4-3 (Groundball, 5, EV 95.6 MPH)
|
| Top of the 8th over - 4 runs, 4 hits, 0 errors, 0 left on base; Knoxville 6 - Charlotte 0 |
| BOTTOM OF THE 8TH |
|
Charlotte Hornets batting - Pitching for Knoxville Blue Jays : RHP Ron Romanick
|
|
Batting: RHB Ed Jurak
|
0-0: Foul Ball, location: 2F 0-1: Called Strike 0-2: Strikes out swinging
|
|
Batting: RHB Mickey Klutts
|
0-0: SINGLE (Line Drive, 9S, EV 106.9 MPH)
|
|
Batting: RHB Luther Wrenn
|
0-0: Called Strike 0-1: Ball 1-1: Called Strike 1-2: Ball 2-2: Foul Ball, location: 2F 2-2: Ball 3-2: Ground out 2-3 (Groundball, 15S, EV 65.0 MPH) Mickey Klutts to second
|
|
Batting: RHB Richard Bradley
|
0-0: Foul Ball, location: 2F 0-1: Ball 1-1: DOUBLE (Line Drive, 8RXD, EV 107.5 MPH) Mickey Klutts scores
|
|
Batting: RHB Richard Bass
|
0-0: Ball 1-0: Ground out 6-3 (Groundball, 6, EV 88.8 MPH)
|
| Bottom of the 8th over - 1 run, 2 hits, 0 errors, 1 left on base; Knoxville 6 - Charlotte 1 |
| TOP OF THE 9TH |
|
Knoxville Blue Jays batting - Pitching for Charlotte Hornets : RHP Timothy Flannery
|
|
Batting: RHB Danny Hernandez
|
0-0: Ball 1-0: Called Strike 1-1: Ball 2-1: Called Strike 2-2: DOUBLE (Flyball, 8RXD, EV 92.5 MPH)
|
|
Batting: RHB Gil Flores
|
0-0: Called Strike 0-1: Ball 1-1: Called Strike 1-2: Fly out, F7 (Flyball, 78D, EV 91.9 MPH) Runner from 2nd tags up, SAFE at 3rd with throw by LF
|
|
Pitching: RHP Jason Wiard
|
|
|
Batting: SHB Harold Reynolds
|
0-0: Ball 1-0: Ball 2-0: Ground out 1-5-3 (Groundball, 15S, EV 96.3 MPH) Danny Hernandez scores
|
|
Batting: LHB Eric Peyton
|
0-0: Ball 1-0: Ball 2-0: Called Strike 2-1: DOUBLE (Flyball, 7LD, EV 93.8 MPH)
|
|
Batting: RHB Hector Cruz
|
0-0: Ball 1-0: DOUBLE (Flyball, 89XD, EV 91.9 MPH) Eric Peyton scores
|
|
Batting: RHB Wil Culmer
|
0-0: Ball 1-0: Foul Ball, location: 2F 1-1: Foul Ball, location: 2F 1-2: Foul Ball, location: 2F 1-2: Foul Ball, location: 2F 1-2: Ground out 6-3 (Groundball, 6M, EV 98.1 MPH)
|
| Top of the 9th over - 2 runs, 3 hits, 0 errors, 1 left on base; Knoxville 8 - Charlotte 1 |
| BOTTOM OF THE 9TH |
|
Charlotte Hornets batting - Pitching for Knoxville Blue Jays : RHP Ron Romanick
|
|
Batting: RHB Tom Romano
|
0-0: Ball 1-0: Foul Ball, location: 2F 1-1: SOLO HOME RUN (Flyball, 7D, EV 100.6 MPH), Distance : 374 ft
|
|
Batting: RHB Guy Sularz
|
0-0: Ball 1-0: Ball 2-0: Swinging Strike 2-1: Ground out U3 (Groundball, 34, EV 110.0 MPH)
|
|
Batting: RHB Don Lyle
|
0-0: Called Strike 0-1: Ball 1-1: Called Strike 1-2: Ground out 6-3 (Groundball, 6, EV 86.3 MPH)
|
|
Batting: RHB Juan Bonilla
|
0-0: Ball 1-0: Ball 2-0: Called Strike 2-1: Foul Ball, location: 2F 2-2: Foul Ball, location: 2F 2-2: Foul Ball, location: 2F 2-2: Foul Ball, location: 2F 2-2: Foul Ball, location: 2F 2-2: Fly out, F3 (Line Drive, 3, EV 68.8 MPH)
|
| Bottom of the 9th over - 1 run, 1 hit, 0 errors, 0 left on base; Knoxville 8 - Charlotte 2 |
|